 Dungeon Crawl Stone Soup version 0.31.0-1-g2c135a008e (webtiles) character file.

Game seed: 10555730115377244601

510 qw the Shooter (level 7, -1/53 HPs)
             Began as a Djinni Hunter on Jan 23, 2024.
             Slain by a hornet (15 damage)
             ... on level 5 of the Dungeon.
             The game lasted 00:00:14 (3253 turns).

qw the Shooter (Djinni Hunter)                      Turns: 3253, Time: 00:00:14

Health: -1/53      AC:  7    Str: 10    XL:     7   Next: 42%
Gold:   204        EV: 11    Int: 11    God:
                   SH:  0    Dex: 18

rFire   + + .        a - +0 shortbow
rCold   + . .        (shield currently unavailable)
rNeg    . . .        j - +2 ring mail {rF+}
rPois   inf          (no helmet)
rElec   .            h - scarf {repulsion}
rCorr   .            (no gloves)
SInv    .            (boots unavailable)
Will    .....        (no amulet)
Stlth   +            g - ring of protection from cold
HPRegen 0.28/turn    m - ring of ice
MPRegen 0.00/turn

%: repel missiles, infuse magic (-2 HP)
@: flying
A: sickness immunity, fire resistance 2, cold vulnerability 1, float, innate
caster, HP casting, extra vitality 1
a: no special abilities


You were on level 5 of the Dungeon.
You visited 1 branch of the dungeon, and saw 5 of its levels.

You collected 204 gold pieces.


Innate Abilities, Weirdness & Mutations

You are immune to sickness and miasma.
You are immune to poison.
Your flesh is very heat resistant. (rF++)
You are vulnerable to cold. (rC-)
You float through the air rather than walking.
You learn spells naturally, not from books.
Your magical power is your life essence.
You have superior vitality. (+4 MHP)


   Skills:
 - Level 4.5 Fighting
 + Level 5.7 Ranged Weapons
 - Level 1.0 Armour
 - Level 3.0 Dodging
 - Level 0.7 Stealth


You knew the following spells:

 Your Spells              Type           Power      Damage    Failure   Level
a - Foxfire               Conj/Fire      0%         2x1d4     65%         1
b - Searing Ray           Conj           0%         2d4       80%         2
c - Inner Flame           Hex/Fire       0%         N/A       95%         3
Your spell library was empty.

Inventory:

Hand Weapons
 a - a +0 shortbow (weapon)
Armour
 e - a +0 cloak
 h - a scarf of repulsion (worn)
 j - a +2 ring mail of fire resistance (worn)
Jewellery
 c - a ring of fire
 g - a ring of protection from cold (left hand)
 m - a ring of ice (right hand)
Potions
 f - 2 potions of enlightenment
 i - a potion of mutation
 l - 2 potions of curing

Dungeon Overview and Level Annotations

Branches:
Dungeon (5/15)
 Temple: D:4-7

Altars:
Makhleb

Shops:
D:1 *   D:3 (


Message History

You shoot an arrow. The arrow hits the bat.
The bat is moderately wounded.
The bat hits you but does no damage.
You shoot an arrow. The arrow closely misses the bat.
The bat hits you but does no damage. The bat hits you.
Eustachio gestures wildly while chanting.
Eustachio blinks!
Eustachio hits you with a +0 rapier of draining.
The bat completely misses you.
You shoot an arrow. The arrow hits Eustachio.
Eustachio is almost dead.
The bat misses you.
Eustachio gestures wildly while chanting.
You shoot an arrow. The arrow hits Eustachio.
Eustachio is almost dead.
Eustachio casts a spell.
The white imp closely misses you.
You shoot an arrow. The arrow hits Eustachio.
Eustachio is almost dead.
Eustachio hits you but does no damage. The white imp misses you.
The crimson imp blinks!
The shadow imp grins evilly.
Eustachio screams, "This atrocity can only be purified with blood!"
Eustachio closely misses you.
You shoot an arrow. The arrow closely misses Eustachio.
The arrow hits the shadow imp but does no damage.
The white imp gestures at you. The puff of frost hits you. You resist.
The crimson imp blinks!
Eustachio hits you but does no damage.
You shoot an arrow. The arrow hits Eustachio.
You kill Eustachio!
The bat disappears in a puff of smoke!
The white imp disappears in a puff of smoke!
The shadow imp disappears in a puff of smoke!
You hear an angry buzzing noise.
A hornet comes into view.
You shoot an arrow.
The arrow hits the hornet but does no damage.
The hornet stings you!
You die...

### ...
#.#### #....
#.#¤#######.#
#..¤y@).....#
#.#########.#
#


You could see a hornet.

Vanquished Creatures
  Eustachio (D:5)
  An ice beast (D:4)
  A scorpion (D:3)
  A bombardier beetle (D:3)
  A jelly (D:4)
  A hound (D:5)
  Natasha (D:3)
  An adder (D:2)
  2 dart slugs (D:3)
  2 ribbon worms
  5 orcs
  6 endoplasms
  3 giant cockroaches
  6 goblins
  10 hobgoblins
  2 jackals (D:1)
  6 quokkas
  8 ball pythons
  7 bats
  3 frilled lizards
  6 kobolds
  4 rats
78 creatures vanquished.

Notes
Turn   | Place    | Note
-------+----------+-------------------------------------------
     0 | D:1      | qw the Djinni Hunter began the quest for the Orb.
     0 | D:1      | Reached XP level 1. HP: 18/18 MP: 0/0
     0 | D:1      | 0 ||| qw: Version: 0.3-a-134-g2ba4250
     0 | D:1      | 0 ||| qw: Game counter: 771
     0 | D:1      | 0 ||| qw: Melee chars always use a shield: true
     0 | D:1      | 0 ||| qw: God list: Okawaru
     0 | D:1      | 0 ||| qw: Allow faded altars: false
     0 | D:1      | 0 ||| qw: Do Orc after clearing Dungeon:15 true
     0 | D:1      | 0 ||| qw: Do second Lair branch before Depths: true
     0 | D:1      | 0 ||| qw: Lair rune preference: random
     0 | D:1      | 0 ||| qw: Goals: Normal
     0 | D:1      | 0 ||| PLANNING D:1-11
    87 | D:1      | 87 ||| RETREEEEATING.
    94 | D:1      | Reached XP level 2. HP: 22/23 MP: 0/0
   253 | D:1      | Found Gaewegus's General Store.
   595 | D:1      | Reached XP level 3. HP: 26/28 MP: 0/0
   595 | D:1      | Learned a level 1 spell: Foxfire
   608 | D:1      | Reached skill level 4 in Ranged Weapons
   629 | D:1      | Found a faded altar of an unknown god.
   836 | D:1      | 836 ||| SHOPLISTING +3 shortbow of flaming (246 gold, have
                  | 18).
   836 | D:1      | 836 ||| SHOPLISTING amulet "Hytaot" {Acrobat Str+5} (522
                  | gold, have 18).
   836 | D:1      | 836 ||| SHOPLISTING potion of enlightenment (55 gold, have
                  | 18).
   836 | D:1      | 836 ||| SHOPLISTING scroll of identify (22 gold, have 18).
   914 | D:1      | 914 ||| UPGRADING to scarf of repulsion.
   919 | D:1      | 919 ||| UPGRADING to ring of protection from cold.
   920 | D:1      | 920 ||| READING scroll labelled JIGAUR TI IVVO.
   920 | D:1      | 920 ||| IDENTIFYING fizzy amethyst potion
   921 | D:1      | 921 ||| READING scroll labelled RETAEJU ANAF.
   974 | D:1      | 974 ||| READING scroll labelled JYSIUJ AFUF.
   975 | D:1      | 975 ||| DROPPING scroll of butterflies.
  1106 | D:2      | 1106 ||| DROPPING +2 antimagic sling.
  1359 | D:2      | Reached XP level 4. HP: 34/34 MP: 0/0
  1361 | D:2      | Reached skill level 3 in Fighting
  1385 | D:2      | 1385 ||| UPGRADING to +0 ring mail.
  1395 | D:2      | 1395 ||| DROPPING +0 leather armour.
  1396 | D:2      | 1396 ||| READING scroll of identify.
  1396 | D:2      | 1396 ||| IDENTIFYING yellow potion
  1397 | D:2      | 1397 ||| READING scroll labelled KAKURU XERU.
  1398 | D:2      | 1398 ||| READING scroll labelled RIRCHY TIROIPRE.
  1403 | D:2      | 1403 ||| READING scroll labelled FAUCOSCHITE.
  1404 | D:2      | 1404 ||| DROPPING potion of degeneration.
  1620 | D:3      | Reached skill level 1 in Armour
  1696 | D:3      | Reached XP level 5. HP: 31/40 MP: 0/0
  1696 | D:3      | Learned a level 2 spell: Searing Ray
  1859 | D:3      | Found Idol's Antique Weapon Emporium.
  1864 | D:3      | 1864 ||| SHOPLISTING crude sling (130 gold, have 100).
  2056 | D:3      | Found a burning altar of Makhleb.
  2138 | D:3      | Reached skill level 5 in Ranged Weapons
  2401 | D:3      | Noticed Natasha
  2405 | D:3      | Killed Natasha
  2406 | D:3      | Reached XP level 6. HP: 46/46 MP: 0/0
  2445 | D:3      | 2445 ||| UPGRADING to +2 ring mail of fire resistance.
  2455 | D:3      | 2455 ||| DROPPING +0 ring mail.
  2456 | D:3      | 2456 ||| UPGRADING to ring of ice.
  2457 | D:3      | 2457 ||| READING 2 scrolls of identify.
  2457 | D:3      | 2457 ||| IDENTIFYING ruby potion
  2458 | D:3      | 2458 ||| READING scroll of identify.
  2458 | D:3      | 2458 ||| IDENTIFYING fizzy ruby potion
  2459 | D:3      | 2459 ||| READING scroll labelled HONGUMIUQI.
  2617 | D:4      | Reached skill level 3 in Dodging
  3128 | D:5      | Entered Level 5 of the Dungeon
  3128 | D:5      | Noticed Eustachio
  3128 | D:5      | Noticed an ice beast
  3129 | D:5      | 3129 ||| STAIRDANCE
  3141 | D:4      | Killed an ice beast
  3214 | D:5      | 3214 ||| RETREEEEATING.
  3215 | D:5      | 3215 ||| RETREEEEATING.
  3225 | D:5      | Reached XP level 7. HP: 44/53 MP: 0/0
  3225 | D:5      | Learned a level 3 spell: Inner Flame
  3247 | D:5      | HP: 13/53 [Eustachio/+0 rapier of draining (2)]
  3252 | D:5      | Killed Eustachio
  3252 | D:5      | Noticed a hornet
  3253 | D:5      | Slain by a hornet

Levels and vault maps discovered:
D:1:      dpeg_arrival_shrine, layout_loops_corners, serial_shops,
          nicolae_shop_window_shopping, shapermc_ecumenical_altar_acropolis,
          st_stairs_10, minmay_vboxes
D:2:      layout_basic
D:3:      layout_loops_corners, lightli_temple_of_fire, serial_shops,
          nicolae_shop_hallway_plus, st_stairs_11,
          amcnicky_mini_rare_corridor_liquid, uniq_natasha
D:4:      layout_rooms, mainiacjoe_overflow_alcove_4, kennysheep_doodads
D:5:      cheibrodos_thug_alley, layout_basic, serial_shops,
          nicolae_lakefront_shop, uniq_eustachio, uniq_pikel

Skill      XL: |  1  2  3  4  5  6 |
---------------+-------------------+-----
Ranged Weapons | 4 5 |  5.7
Fighting       | 3 4 |  4.5
Armour         | 1 |  1.0
Dodging        | 3 |  3.0
Stealth        | |  0.7

Action                     |  1- 3 |  4- 6 |  7- 9 || total
---------------------------+-------+-------+-------++-------
   Fire: Shortbow          |   103 |   174 |    29 ||   306
    Use: Scroll            |     3 |     7 |       ||    10
 Armour: Leather armour    |    25 |       |       ||    25
         Ring mail         |       |    67 |    30 ||    97
  Dodge: Dodged            |    53 |    72 |    21 ||   146
         Repelled          |       |     1 |       ||     1

Table legend:
 A = Non-vault XP
 B = Vault XP
 C = Vault XP percentage of total XP
 D = Non-vault monster count
 E = Vault monster count
 F = Vault count percentage of total count
                 A         B        C        D         E       F
            +---------+---------+-------+---------+---------+-------
      Total |     490 |     239 |  32.8 |      68 |      10 |  12.8
            +---------+---------+-------+---------+---------+-------
        D:1 |      25 |       8 |  24.2 |      14 |       5 |  26.3
        D:2 |      40 |       0 |   0.0 |      17 |       0 |   0.0
        D:3 |     170 |      40 |  19.0 |      18 |       4 |  18.2
        D:4 |     212 |       0 |   0.0 |      18 |       0 |   0.0
        D:5 |      43 |     191 |  81.6 |       1 |       1 |  50.0
            +---------+---------+-------+---------+---------+-------
